 Dungeon Crawl Stone Soup version 0.26.1-11-gd32895ea62 (webtiles) character file.

Game seed: 9942315159554869685

485 Almogavar the Conjurer (level 6, -3/32 HPs)
             Began as a Deep Elf Conjurer on May 9, 2021.
             Slain by a killer bee (7 damage)
             ... on level 3 of the Dungeon.
             The game lasted 00:08:46 (3222 turns).

Almogavar the Conjurer (Deep Elf Conjurer)          Turns: 3222, Time: 00:08:46

Health: -3/32      AC:  5    Str:  4    XL:     6   Next: 88%
Magic:  11/17      EV: 13    Int: 25    God:
Gold:   131        SH:  0    Dex: 13    Spells: 15/18 levels left

rFire    . . .     SeeInvis .   e - +2 dagger (speed)
rCold    . . .     Faith    .   (no shield)
rNeg     . . .     Spirit   .   a - +0 robe
rPois    .         Reflect  .   t - +2 hat
rElec    .         Harm     .   (no cloak)
rCorr    .         Rampage  .   k - +0 pair of gloves
Will     .....                  (no boots)
Stlth    ++........             (no amulet)
HPRegen  0.10/turn              (no ring)
MPRegen  0.15/turn              (no ring)

@: flying
A: no striking features
a: no special abilities


You were on level 3 of the Dungeon.
You visited 1 branch of the dungeon, and saw 4 of its levels.

You collected 131 gold pieces.

Inventory:

Hand Weapons
 e - a +2 dagger of speed (weapon)
Armour
 a - a +0 robe (worn)
 h - a +0 leather armour
 k - a +0 pair of gloves (worn)
 t - a +2 hat (worn)
Scrolls
 c - 4 scrolls of remove curse
 d - a scroll of teleportation
 f - a scroll of random uselessness {unknown}
 g - 2 scrolls of fog {unknown}
 l - a scroll of immolation {unknown}
 m - a scroll of fear
 n - a scroll of amnesia {unknown}
 u - a scroll of identify {unknown}
Potions
 b - a potion of flight
 i - a potion of might {unknown}
 j - a potion of berserk rage {unknown}
 o - a potion of heal wounds {unknown}
 p - a potion of mutation {unknown}
 q - a potion of ambrosia {unknown}
 r - a potion of curing {unknown}
 s - 2 potions of lignification {unknown}


   Skills:
 + Level 0.1 Fighting
 + Level 2.8 Dodging
 + Level 3.4 Stealth
 + Level 6.7 Spellcasting
 + Level 7.1 Conjurations


You had 15 spell levels left.
You knew the following spells:

 Your Spells              Type           Power        Failure   Level
a - Magic Dart            Conj           100%         1%          1
b - Searing Ray           Conj           86%          1%          2

Your spell library contained the following spells:

 Spells                   Type           Power        Failure   Level
 Dazzling Flash           Conj/Hex       52%          4%          3
 Fulminant Prism          Conj/Hex       13%          16%         4
 Iskenderun's Mystic Bla  Conj/Tloc      26%          16%         4


Dungeon Overview and Level Annotations

Branches:
Dungeon (4/15)
 Temple: D:4-7

Altars:
Ru


Message History

The orc shouts!
You hear a shout!
A killer bee comes into view. x2
The orc hits you with a +0 club.
Found 4 gold pieces.
The orc hits you with a +0 club.
The killer bee buzzes angrily.
The killer bee closely misses you.
A killer bee comes into view.
Found 10 gold pieces.
There is a stone staircase leading up here.
The killer bee buzzes angrily. x2; You hear an angry buzzing noise.
The killer bee stings you!
* * * LOW HITPOINT WARNING * * *
The killer bee barely misses you. The orc closely misses you.
You climb upwards.
There is a stone staircase leading down here.
It was a potion of flight.
You feel very buoyant.
You fly up into the air.
The killer bee stings you!
You die...

##.##.###..#
#..........#
#..##.###..# #..##.#
#..# ...##.# #..#
..>##.###..#
)#.##......#
.#.##..##<.##########
.#.##..##......o@y..#
.......##<#########.#
.#.....##.# #.#
.####..##.# #.####
.......##.## #....#
#####.###..# ####.#
#.# ##.# #.# #.# #.#
#.# #.# #.# #.#####


You could see a killer bee and an orc.

Vanquished Creatures
  A troll (D:4)
  A bullfrog (D:2)
  A scorpion (D:4)
  A bullfrog skeleton (D:3)
  A worker ant (D:4)
  2 adders (D:3)
  An ooze (D:3)
  2 worms (D:2)
  2 dart slugs (D:1)
  2 leopard geckos
  3 orcs (D:3)
  4 giant cockroaches
  11 goblins
  5 hobgoblins
  5 jackals
  7 kobolds
  2 quokkas
  7 bats
  5 frilled lizards
  6 rats (D:1)
69 creatures vanquished.

Notes
Turn   | Place    | Note
-------+----------+-------------------------------------------
     0 | D:1      | Almogavar the Deep Elf Conjurer began the quest for the
                  | Orb.
     0 | D:1      | Reached XP level 1. HP: 10/10 MP: 6/6
   264 | D:1      | Reached XP level 2. HP: 15/15 MP: 0/8
   267 | D:1      | Learned a level 2 spell: Searing Ray
   389 | D:1      | Reached skill level 5 in Conjurations
   904 | D:1      | Reached XP level 3. HP: 19/19 MP: 6/9
  1329 | D:2      | Noticed a bullfrog
  1332 | D:2      | Killed a bullfrog
  1333 | D:2      | Reached XP level 4. HP: 16/24 MP: 6/12
  1761 | D:2      | Reached skill level 6 in Conjurations
  2186 | D:3      | Reached XP level 5. HP: 28/28 MP: 7/13
  2439 | D:3      | Reached skill level 5 in Spellcasting
  2493 | D:3      | Found a sacrificial altar of Ru.
  3015 | D:4      | Reached XP level 6. HP: 32/32 MP: 1/16
  3181 | D:4      | Noticed a troll
  3200 | D:4      | Killed a troll
  3201 | D:4      | Reached skill level 7 in Conjurations
  3222 | D:3      | Slain by a killer bee

Illustrated notes

Levels and vault maps discovered:
D:1:      amcnicky_arrival_underground_garden, layout_loops_ring
D:2:      layout_basic
D:3:      layout_loops_ring, overflow_temple_1_default
D:4:      layout_cave_pools, serial_column_ruins, column_ruins_hut,
          column_ruins_square_small, column_ruins_grid_4, column_ruins_grid_3,
          column_ruins_open_small, palyth_stone_intersect,
          kennysheep_slug_shrine

Skill      XL: |  1  2  3  4  5  6 |
---------------+-------------------+-----
Conjurations   | 5 6 7 |  7.1
Spellcasting   | 4 5 6 |  6.7
Stealth        | 3 |  3.4
Fighting       | |  0.1
Dodging        | |  2.8

Action                   |  1- 3 |  4- 6 || total
-------------------------+-------+-------++-------
 Cast: Magic Dart        |    53 |    60 ||   113
       Searing Ray       |     2 |    13 ||    15
  Use: Scroll            |     2 |     2 ||     4
       Potion            |       |     1 ||     1
Armor: Robe              |       |     6 ||     6
Dodge: Dodged            |     1 |    18 ||    19
